 Dungeon Crawl Stone Soup version 0.21.0 (webtiles) character file.

281 tidbits the Covert (level 6, 24/24 HPs)
             Began as a Felid Earth Elementalist on Jan 6, 2018.
             Quit the game on level 7 of the Dungeon.
             The game lasted 00:16:12 (1823 turns).

tidbits the Covert (Felid Earth Elementalist)       Turns: 1823, Time: 00:16:12

Health: 24/24      AC:  2    Str:  6    XL:     6   Next: 6%
Magic:  10/10      EV: 18    Int: 16    God:
Gold:   275        SH:  0    Dex: 17    Spells: 6/9 levels left
                                        Lives:  0   Deaths: 2

rFire    . . .     SeeInvis +     - Unarmed
rCold    + . .     Gourm    .   (shield unavailable)
rNeg     . . .     Faith    .   (armour unavailable)
rPois    .         Spirit   .   (helmet unavailable)
rElec    .         Reflect  .   (cloak unavailable)
rCorr    +         Harm     +   (gloves unavailable)
MR       .....                  (boots unavailable)
Stlth    +++++.....             o - amulet of harm
HPRegen  0.08/turn              g - ring of protection from cold
MPRegen  0.12/turn              K - ring of resist corrosion

@: quick
A: very small, no armour, no weapons or thrown items, stealth, claws 1, fangs 3,
see invisible, carnivore, speed 1, shaggy fur 2, slow metabolism 1, sharp paws
a: no special abilities


You were on level 7 of the Dungeon.
You were not hungry.

You visited 1 branch of the dungeon, and saw 7 of its levels.

You collected 275 gold pieces.

Inventory:

Missiles
 b - 49 stones
Jewellery
 f - an uncursed amulet of rage
   (You found it on level 1 of the Dungeon)
 g - a ring of protection from cold (left paw)
   (You found it on level 1 of the Dungeon)
 o - an amulet of harm (around neck)
   (You found it on level 3 of the Dungeon)
 s - a cursed amulet of inaccuracy {unknown}
   (You found it on level 5 of the Dungeon)
 K - a ring of resist corrosion (right paw)
   (You found it on level 3 of the Dungeon)
Wands
 j - a wand of polymorph (5)
Scrolls
 h - a scroll of teleportation {unknown}
 k - 2 scrolls of remove curse {unknown}
 m - 2 scrolls of identify {unknown}
 p - a scroll of blinking {unknown}
Potions
 a - a potion of magic {unknown}
 e - a potion of brilliance
 l - a potion of lignification {unknown}
 q - a potion of agility {unknown}
Books
 d - a book of Geomancy

   Spells                             Type                      Level
   a - Sandblast                      Earth                        1
   b - Passwall                       Transmutation/Earth          2
   c - Stone Arrow                    Conjuration/Earth            3
   d - Petrify                        Transmutation/Earth          4
   e - Lee's Rapid Deconstruction     Earth                        5
 n - a book of Conjurations
   (You found it on level 4 of the Dungeon)

   Spells                             Type                      Level
   a - Magic Dart                     Conjuration                  1
   b - Searing Ray                    Conjuration                  2
   c - Dazzling Spray                 Conjuration/Hexes            3
   d - Fulminant Prism                Conjuration/Hexes            4
   e - Force Lance                    Conjuration/Translocation    4
   f - Iskenderun's Mystic Blast      Conjuration                  4
Comestibles
 c - 5 rations
 r - 2 chunks of flesh


   Skills:
 - Level 2.6 Dodging
 + Level 9.5 Stealth
 + Level 6.2 Unarmed Combat
 - Level 2.0 Spellcasting
 - Level 1.1 Transmutations
 - Level 2.6 Earth Magic


You had 6 spell levels left.
You knew the following spells:

 Your Spells              Type           Power        Failure   Level  Hunger
a - Sandblast             Erth           ##....       7%          1    #......
p - Passwall              Tmut/Erth      #.........   14%         2    ###....


Dungeon Overview and Level Annotations

Branches:
Dungeon (7/15)
 Temple: D:4-7

Altars:
Ru


Innate Abilities, Weirdness & Mutations

You cannot wear armour.
You are incapable of wielding weapons or throwing items.
Your paws allow you to move quietly. (Stealth)
You have sharp claws.
You have razor-sharp teeth.
You have supernaturally acute eyesight. (SInv)
You are carnivorous and can eat meat at any time.
You cover ground quickly.
You are covered in thick fur. (AC +2)
You have a slow metabolism.
Your sharp claws are effective at attacking unaware monsters.


Message History

Aiming: Sandblast
Press: ? - help, Shift-Dir - straight line, f - bullfrog
Aim: a bullfrog The blast of sand hits the bullfrog.
The bullfrog is moderately wounded.
b - 56 stones The bullfrog hits you!
A worker ant comes into view.
Casting: Sandblast
Confirm with . or Enter, or press ? or * to list all spells.
Aiming: Sandblast
Press: ? - help, Shift-Dir - straight line, f/p - bullfrog
Aim: a bullfrog (moderately wounded)
The blast of sand hits the bullfrog.
The bullfrog is severely wounded.
b - 55 stones The bullfrog completely misses you.
The bullfrog closely misses you.
An iguana comes into view.
Casting: Sandblast
Confirm with . or Enter, or press ? or * to list all spells.
Aiming: Sandblast
Press: ? - help, Shift-Dir - straight line, f/p - bullfrog
Aim: a bullfrog (severely wounded)
The blast of sand hits the bullfrog.
You kill the bullfrog!
Welcome back to level 7!
b - 54 stones
c - 5 rations (gained 1)
Casting: Sandblast
Confirm with . or Enter, or press ? or * to list all spells.
Aiming: Sandblast
Press: ? - help, Shift-Dir - straight line, f - worker ant
Aim: a worker ant The blast of sand hits the worker ant.
b - 53 stones
Casting: Sandblast
Confirm with . or Enter, or press ? or * to list all spells.
Aiming: Sandblast
Press: ? - help, Shift-Dir - straight line, f/p - worker ant
Aim: a worker ant The blast of sand hits the worker ant.
The worker ant is heavily wounded.
b - 52 stones
Okay, then.
Casting: Sandblast
Confirm with . or Enter, or press ? or * to list all spells.
Aiming: Sandblast
Press: ? - help, Shift-Dir - straight line, f/p - worker ant
Aim: a worker ant (heavily wounded)
The blast of sand hits the worker ant.
The worker ant is almost dead.
b - 51 stones The worker ant barely misses you.
Casting: Sandblast
Confirm with . or Enter, or press ? or * to list all spells.
Aiming: Sandblast
Press: ? - help, Shift-Dir - straight line, f/p - worker ant
Aim: a worker ant (almost dead)
The blast of sand hits the worker ant.
The worker ant is almost dead.
b - 50 stones The worker ant misses you.
The hungry ghost barely misses you.
Casting: Sandblast
Confirm with . or Enter, or press ? or * to list all spells.
Aiming: Sandblast
Press: ? - help, Shift-Dir - straight line, f/p - worker ant
Aim: a worker ant (almost dead)
You miscast Sandblast.
You are very lightly contaminated with residual magic.
The floor shifts beneath you alarmingly!
The worker ant bites you.
* * * LOW HITPOINT WARNING * * *
You are poisoned.
The worker ant poisons you! The hungry ghost hits you.
* * * LOW HITPOINT WARNING * * *
You feel a lot more hungry. The iguana misses you.
The worker ant barely misses you.
Casting: Sandblast
Confirm with . or Enter, or press ? or * to list all spells.
Aiming: Sandblast
Press: ? - help, Shift-Dir - straight line, f/p - worker ant
Aim: a worker ant (almost dead)
The blast of sand hits the worker ant.
You kill the worker ant!
b - 49 stones
* * * LOW HITPOINT WARNING * * *
You feel sick. The hungry ghost hits you.
* * * LOW HITPOINT WARNING * * *
You feel a lot more hungry. The iguana bites you.
* * * LOW HITPOINT WARNING * * *
You feel better. The hungry ghost hits you.
* * * LOW HITPOINT WARNING * * *
You are feeling hungry.
The iguana bites you!
Ouch! That really hurt!
You die...
You are now level 6!
You rejoin the land of the living...
Found 13 gold pieces.
Found a stone staircase leading down.
Are you sure you want to abandon this character and quit the game? (Confirm with "yes".)

.....
....
####...
..#..
....
#..#
#..#
#@#
#..#
#..#
#$#. .>
. .##
.. # ..
#..


There were no monsters in sight!

Vanquished Creatures
  Eustachio (D:5)
  A necrophage (D:6)
  An ogre (D:5)
  A black bear (D:6)
  A centaur (D:5)
  2 bullfrogs
  A crimson imp (D:5)
  A centaur zombie (D:5)
  A hound (D:6)
  An orc wizard (D:4)
  2 worker ants
  6 gnolls
  3 adders
  A shadow imp (D:6)
  3 worms
  An adder skeleton (D:4)
  A dart slug (D:1)
  3 leopard geckos
  4 orcs
  5 bats
  3 giant cockroaches (D:1)
  7 hobgoblins
  A quokka (D:6)
  5 frilled lizards
  3 goblins
  11 kobolds
  5 rats
75 creatures vanquished.

Notes
Turn   | Place    | Note
-------+----------+-------------------------------------------
     0 | D:1      | tidbits the Felid Earth Elementalist began the quest for the Orb.
     0 | D:1      | Reached XP level 1. HP: 7/7 MP: 4/4
    18 | D:1      | Reached skill level 3 in Stealth
    51 | D:1      | Reached skill level 1 in Unarmed Combat
   107 | D:1      | Reached XP level 2. HP: 10/11 MP: 0/6
   111 | D:1      | Learned a level 2 spell: Passwall
   426 | D:1      | Reached skill level 4 in Stealth
   447 | D:1      | Reached XP level 3. HP: 10/14 MP: 0/7
   614 | D:2      | Reached skill level 2 in Unarmed Combat
   802 | D:3      | Reached XP level 4. HP: 18/18 MP: 1/8
   808 | D:3      | Reached skill level 5 in Stealth
   976 | D:4      | Noticed a phantom
   987 | D:4      | Found a sacrificial altar of Ru.
  1009 | D:4      | Reached skill level 3 in Unarmed Combat
  1098 | D:4      | Reached XP level 5. HP: 17/21 MP: 0/9
  1263 | D:3      | Reached skill level 6 in Stealth
  1410 | D:5      | Entered Level 5 of the Dungeon
  1410 | D:5      | Noticed Eustachio
  1418 | D:5      | Killed Eustachio
  1418 | D:5      | Reached skill level 7 in Stealth
  1418 | D:5      | Reached skill level 4 in Unarmed Combat
  1418 | D:5      | Gained mutation: You are covered in thick fur. (AC +2) [Felid growth]
  1418 | D:5      | Reached XP level 6. HP: 23/24 MP: 10/10
  1582 | D:5      | Reached skill level 8 in Stealth
  1582 | D:5      | Reached skill level 5 in Unarmed Combat
  1582 | D:5      | Reached XP level 7. HP: 26/27 MP: 11/11
  1679 | D:6      | Reached skill level 9 in Stealth
  1745 | D:6      | Killed from afar by an orc wizard
  1746 | D:6      | Reached XP level 6. HP: 0/24 MP: 5/10
  1782 | D:6      | Reached skill level 6 in Unarmed Combat
  1808 | D:7      | Noticed a hungry ghost
  1814 | D:7      | Reached XP level 7. HP: 18/27 MP: 7/11
  1822 | D:7      | Slain by an iguana
  1823 | D:7      | Reached XP level 6. HP: -3/24 MP: 2/10
  1823 | D:7      | Quit the game

Skill      XL: |  1  2  3  4  5  6  7 |
---------------+----------------------+-----
Stealth        | 3 4 5 7 8 9 |  9.5
Unarmed Combat | 1 2 3 4 6 |  6.2
Dodging        | |  2.6
Spellcasting   | |  2.0
Transmutations | |  1.1
Earth Magic    | |  2.6

Action                   |  1- 3 |  4- 6 |  7- 9 || total
-------------------------+-------+-------+-------++-------
Melee: Unarmed           |     5 |    14 |     9 ||    28
       Bite              |       |     1 |       ||     1
 Cast: Sandblast         |    61 |    54 |    21 ||   136
Evoke: Wand              |       |    15 |       ||    15
  Use: Scroll            |     1 |       |       ||     1
       Potion            |       |     2 |     1 ||     3
 Stab: Sleeping          |     3 |     4 |     3 ||    10
       Paralysed         |       |     5 |       ||     5
  Eat: Chunk             |     8 |     2 |       ||    10
Armor: Skin              |     1 |     1 |     1 ||     3
Dodge: Dodged            |    14 |    21 |    13 ||    48

Table legend:
 A = Turns spent in this place as a percentage of turns spent in the entire game.
 B = Non-inter-level travel turns spent in this place as a percentage of non-inter-level travel turns spent in the entire game.
 C = Inter-level travel turns spent in this place as a percentage of turns spent in this place.
 D = Turns resting spent in this place as a percentage of non-inter-level travel turns spent in this place.
 E = Turns spent auto-exploring this place as a percentage of non-inter-level travel turns spent in this place.
 F = Non-inter-level travel turns spent in this place divided by the number of levels of this place that you've seen.
                   A       B       C       D       E      F
               +-------+-------+-------+-------+-------+----------------------
         Total | 100.0 | 100.0 |   0.3 |   0.0 |   0.2 | 259.6
       Dungeon | 100.0 | 100.0 |   0.3 |   0.0 |   0.2 | 259.6
               +-------+-------+-------+-------+-------+----------------------

Table legend:
 A = Kills in this place as a percentage of kills in entire the game.
 B = Kills by you in this place as a percentage of kills by you in the entire game.
 C = Kills by friends in this place as a percentage of kills by friends in the entire game.
 D = Other kills in this place as a percentage of other kills in the entire game.
 E = Experience gained in this place as a percentage of experience gained in the entire game.
 F = Experience gained in this place divided by the number of levels of this place that you have seen.
                   A       B       C       D       E      F
               +-------+-------+-------+-------+-------+----------------------
         Total | 100.0 | 100.0 |   N/A |   N/A | 100.0 | 192.9
       Dungeon | 100.0 | 100.0 |   N/A |   N/A | 100.0 | 192.9
               +-------+-------+-------+-------+-------+----------------------

Vault maps used:
D:1:      dpeg_arrival_windows_large_door, minmay_statues_item, minmay_unequal
D:2:      overflow_temple_1_default
D:3:      minmay_fountain_box
D:4:      nicolae_ru_great_annihilating_truth, gammafunk_temple_overflow_claw,
          first_ration, kennysheep_generic_room_6
D:5:      kennysheep_little_box, okawaru_gym_becter, kennysheep_crisscross,
          uniq_eustachio
D:6:      minmay_temple_entry_junction, serial_shops,
          nicolae_shop_temple_entry_statues_fountains, kennysheep_nondescript
D:7:      nicolae_ossuary_entry_plus
